AoeStats
← Element

Oasis

507108278Analyzed
4v4 RM · 15d ago on Sep 16, 2026· 16m 42s· 8 players
Game mode
Random Map
Map size
Large (8 player)
Population
200
Speed
Normal
Resources
Standard
Victory
Conquest
Starting age
Dark Age
Ending age
Imperial Age
RankedLock teamsTeams togetherTeam positionsShared explorationLock speedFull tech treeHidden civsTurbo modeCheats
Victory
Defeat
🇦🇷 Slavs · Argentina
1327
+14
🇦🇷 Britons · Argentina
1325
+15
🇷🇺 Saracens · Russia
1318
+15
🇷🇴 Khitans · Romania
1313
+15
🇲🇽 Khmer · Mexico
1370
-18
🇯🇵 Koreans · Japan
1296
-15
🇲🇽 Magyars · Mexico
1256
-13
🇲🇽 Vietnamese · Mexico
1247
-13
PAX
10:26 Feudal Age
11:19 Double-Bit Axe
11:16 Domestication
12:49 Forging
Element
10:24 Feudal Age
15:22 Loom
Vinci_PL
8:37 Loom
11:03 Feudal Age
15:32 Castle Age
14:10 Double-Bit Axe
14:07 Horse Collar
17:04 Bow Saw
Moa
9:21 Feudal Age
14:32 Padded Archer Armor
15:50 Fletching
.
6:05 Loom
8:56 Feudal Age
9:49 Double-Bit Axe
9:45 Horse Collar
13:53 Forging
14:52 Scale Barding Armor
MXShino88
6:35 Loom
9:18 Loom
11:11 Feudal Age
9:50 Loom
12:02 Loom
15:46 Castle Age
83T01SRA3L
3:40 Loom
11:21 Feudal Age
12:02 Double-Bit Axe
13:19 Horse Collar
纸火
7:37 Loom
9:57 Feudal Age
14:46 Fletching
Connection lost

Rejoining the realm…

Still unreachable

The connection could not be restored.

Session expired

The server has moved on; the page needs a fresh start.